 Dungeon Crawl Stone Soup version 0.29.1-1-gd02db6906a (webtiles) character file.

Game seed: 12424163767930425821

28 hawla the Chopper (level 3, 0/33 HPs)
             Began as a Hill Orc Monk on Oct 12, 2022.
             Slain by a quokka (3 damage)
             ... on level 1 of the Dungeon.
             The game lasted 00:01:25 (1029 turns).

hawla the Chopper (Hill Orc Monk)                   Turns: 1029, Time: 00:01:25

Health: 0/33       AC:  2    Str: 13    XL:     3   Next: 14%
Magic:  3/3        EV: 12    Int: 12    God:
Gold:   58         SH:  0    Dex: 13    Spells: 2/2 levels left

rFire   . . .      SeeInvis .   a - +0 hand axe
rCold   . . .      Faith    .   (no shield)
rNeg    . . .      Spirit   .   b - +0 robe
rPois   .          Reflect  .   (no helmet)
rElec   .          Harm     .   (no cloak)
rCorr   .          Rampage  .   (no gloves)
Will    .....                   (no boots)
Stlth   ++........              (no amulet)
HPRegen 0.11/turn               (no ring)
MPRegen 0.08/turn               (no ring)

@: no status effects
A: no striking features
a: no special abilities


You were on level 1 of the Dungeon.
You visited 1 branch of the dungeon, and saw 1 of its levels.

You collected 58 gold pieces.

Inventory:

Hand Weapons
 a - a +0 hand axe (weapon)
Armour
 b - a +0 robe (worn)
Scrolls
 e - 3 scrolls of blinking {unknown}
 f - a scroll of identify {unknown}
 g - a scroll of noise {unknown}
Potions
 c - 3 potions of ambrosia
 d - 2 potions of curing {unknown}
 h - 2 potions of brilliance {unknown}
 i - a potion of heal wounds {unknown}


   Skills:
 + Level 4.1 Fighting
 + Level 4.7 Axes
 + Level 2.7 Dodging
 - Level 1.5 Stealth


You had 2 spell levels left.
You didn't know any spells.
Your spell library was empty.

Dungeon Overview and Level Annotations

Branches:
Dungeon (1/15)

Altars:


Message History

Things that are here:
a +0 club; a goblin corpse You hit the ball python but do no damage.
The ball python misses you. x2; The quokka misses you.
The ball python closely misses you. The ball python grabs you.
The ball python constricts you.
You barely miss the ball python.
You punch the ball python, but do no damage.
You hit the quokka but do no damage. The ball python bites you.
The ball python constricts you. The quokka bites you.
You completely miss the ball python. You closely miss the quokka.
The ball python bites you. The ball python constricts you.
The quokka bites you.
You hit the ball python.
You kill the ball python!
You miss the quokka. The quokka completely misses you. The quokka bites you.
You closely miss the quokka. The quokka bites you.
You barely miss the quokka. The quokka bites you.
You are too injured to fight recklessly!
You are too injured to fight recklessly!
You are too injured to fight recklessly!
The quokka bites you.
* * * LOW HITPOINT WARNING * * *
You hit the quokka.
The quokka is heavily wounded.
The quokka misses you.
You barely miss the quokka.
The quokka is heavily wounded.
The quokka bites you.
* * * LOW HITPOINT WARNING * * *
The quokka closely misses you.
You closely miss the quokka.
The quokka is heavily wounded.
The quokka misses you. The quokka attacks as you move away!
The quokka bites you.
* * * LOW HITPOINT WARNING * * *
You barely miss the quokka.
The quokka is heavily wounded.
The quokka closely misses you. The quokka bites you.
You die...

#......#.#........###.
......###.###.##.#.....
#...>.#8...8#.##.######
.....#.._..#.##.# #.
....#8...8#.##.# ##.
...###.###....# #..
#...#.# ...####...# #
#.#.#'#.#.# #..##
#.#.@.8.8...## #.#
#..#r.).)........
#.....##.......# ###
#.......###..##. ....
#.........# ..# ##
#.........# ## #..
#........... #..
#.........### #..
#.........# ###


You could see a quokka.

Vanquished Creatures
  An endoplasm (D:1)
  A giant cockroach (D:1)
  5 goblins (D:1)
  3 hobgoblins (D:1)
  4 jackals (D:1)
  2 quokkas (D:1)
  3 ball pythons (D:1)
  A frilled lizard (D:1)
  2 kobolds (D:1)
  2 rats (D:1)
24 creatures vanquished.

Notes
Turn   | Place    | Note
-------+----------+-------------------------------------------
     0 | D:1      | hawla the Hill Orc Monk began the quest for the Orb.
     0 | D:1      | Reached XP level 1. HP: 19/19 MP: 1/1
    90 | D:1      | Reached XP level 2. HP: 14/27 MP: 2/2
   894 | D:1      | Reached XP level 3. HP: 21/33 MP: 3/3
   998 | D:1      | Found a faded altar of an unknown god.
  1029 | D:1      | Slain by a quokka

Illustrated notes

Levels and vault maps discovered:
D:1:      dpeg_arrival_rhombus, layout_rooms,
          dreamdust_ecumenical_altar_angels_and_demons

Skill      XL: |  1  2 |
---------------+-------+-----
Fighting       | 4 |  4.1
Axes           | |  4.7
Dodging        | |  2.7
Stealth        | |  1.5

Action                   || total
-------------------------++-------
Melee: Hand axe          ||    90
       Punch             ||     2
 Stab: Sleeping          ||     1
Armor: Robe              ||    15
Dodge: Dodged            ||    63
